TOP OF THE 1ST |
Milwaukee (NYP) Brewers batting - Pitching for State College Spikes : RHP Roberto Ruiz
|
Pitching: RHP Roberto Ruiz
|
|
Batting: SHB Sam Bingham
|
0-0: Ball 1-0: Called Strike 1-1: Foul Ball, location: 2F 1-2: Reached on error, E1 (Groundball, 34S, EV 67.5 MPH)
|
Batting: SHB Jerry Duffy
|
0-0: Called Strike 0-1: Ball 1-1: Ball 2-1: Ball 3-1: Foul Ball, location: 2F 3-2: Foul Ball, location: 2F 3-2: Ground out 5-3 (Groundball, 56, EV 90.0 MPH)
|
Batting: SHB Aaron Neill
|
0-0: Swinging Strike 0-1: Swinging Strike 0-2: Ball 1-2: Strikes out swinging
|
Batting: SHB Craig Wright
|
0-0: Ground out 5-3 (Groundball, 56, EV 91.2 MPH)
|
Top of the 1st over - 0 runs, 0 hits, 1 error, 1 left on base; Milwaukee (NYP) 0 - State College 0 |
BOTTOM OF THE 1ST |
State College Spikes batting - Pitching for Milwaukee (NYP) Brewers : RHP Marquis Williams
|
Pitching: RHP Marquis Williams
|
|
Batting: RHB Bobby Miles
|
0-0: Hit by Pitch
|
Batting: RHB Ricky Yerzy
|
0-0: Ball 1-0: Called Strike 1-1: Ball 2-1: Ball 3-1: Base on Balls Bobby Miles to second
|
Batting: LHB Ken Morehead
|
0-0: Ball 1-0: Swinging Strike 1-1: Ball 2-1: Ball 3-1: Foul Ball, location: 2F 3-2: Base on Balls Bobby Miles to third Ricky Yerzy to second
|
Batting: RHB Sam Daw
|
0-0: Ball 1-0: Ball 2-0: Called Strike 2-1: Swinging Strike 2-2: Strikes out swinging
|
Batting: RHB Roberto Ruiz
|
0-0: Ball 1-0: Ball 2-0: Ball Wild Pitch! Bobby Miles scores Ricky Yerzy to third Ken Morehead to second 3-0: Called Strike 3-1: Base on Balls
|
Batting: LHB Ken Compton
|
0-0: Called Strike 0-1: Ball 1-1: Swinging Strike 1-2: Fielders Choice at 2nd, 3-6 (Groundball, 34D, EV 95.6 MPH) Ricky Yerzy scores Ken Morehead to third
|
Batting: RHB Ben Politi
|
0-0: Foul Ball, location: 2F 0-1: Ball 1-1: Foul Ball, location: 2F 1-2: Strikes out swinging
|
Bottom of the 1st over - 2 runs, 0 hits, 0 errors, 2 left on base; Milwaukee (NYP) 0 - State College 2 |
TOP OF THE 2ND |
Milwaukee (NYP) Brewers batting - Pitching for State College Spikes : RHP Roberto Ruiz
|
Batting: RHB Jose Cerritos
|
0-0: Ball 1-0: Foul Ball, location: 2F 1-1: Ball 2-1: Fly out, F7 (Flyball, 7LM, EV 78.8 MPH)
|
Batting: RHB Victor Alarcon
|
0-0: Ball 1-0: Foul Ball, location: 2F 1-1: Called Strike 1-2: Strikes out looking
|
Batting: LHB Sal Burgos
|
0-0: Swinging Strike 0-1: Called Strike 0-2: Ball 1-2: Strikes out swinging
|
Top of the 2nd over - 0 runs, 0 hits, 0 errors, 0 left on base; Milwaukee (NYP) 0 - State College 2 |
BOTTOM OF THE 2ND |
State College Spikes batting - Pitching for Milwaukee (NYP) Brewers : RHP Marquis Williams
|
Batting: RHB Nick Latulippe
|
0-0: Ground out 6-3 (Groundball, 6, EV 106.2 MPH)
|
Batting: RHB Tim Cleary
|
0-0: Foul Ball, location: 2F 0-1: Ball 1-1: Ball 2-1: Foul Ball, location: 2F 2-2: Ball 3-2: Strikes out swinging, 2-3 out at first.
|
Batting: RHB Bobby Miles
|
0-0: Ball 1-0: Swinging Strike 1-1: Fly out, F9 (Flyball, 89S, EV 90.6 MPH)
|
Bottom of the 2nd over - 0 runs, 0 hits, 0 errors, 0 left on base; Milwaukee (NYP) 0 - State College 2 |
TOP OF THE 3RD |
Milwaukee (NYP) Brewers batting - Pitching for State College Spikes : RHP Roberto Ruiz
|
Batting: RHB Dusty Bates
|
0-0: Ground out 3-1 (Groundball, 34, EV 103.1 MPH)
|
Batting: LHB Paul Collins
|
0-0: Ball 1-0: Ball 2-0: Ball 3-0: Called Strike 3-1: Base on Balls
|
Batting: SHB Sam Bingham
|
0-0: Ball 1-0: Ball Paul Collins steals 2nd base 2-0: Ground out U3 (Groundball, 3L, EV 86.9 MPH) Paul Collins to third
|
Batting: SHB Jerry Duffy
|
0-0: Called Strike 0-1: Ball 1-1: Fly out, F8 (Line Drive, 8RM, EV 105.0 MPH)
|
Top of the 3rd over - 0 runs, 0 hits, 0 errors, 1 left on base; Milwaukee (NYP) 0 - State College 2 |
BOTTOM OF THE 3RD |
State College Spikes batting - Pitching for Milwaukee (NYP) Brewers : RHP Marquis Williams
|
Batting: RHB Ricky Yerzy
|
0-0: Foul Ball, location: 2F 0-1: Foul Ball, location: 2F 0-2: SINGLE (Groundball, 4S, EV 69.4 MPH) (infield hit)
|
Batting: LHB Ken Morehead
|
0-0: Called Strike Ricky Yerzy is caught stealing 2nd base 2-6 0-1: Ground out 4-3 (Groundball, 34S, EV 76.9 MPH)
|
Batting: RHB Sam Daw
|
0-0: Ball 1-0: Swinging Strike 1-1: Swinging Strike 1-2: Ball 2-2: Foul Ball, location: 2F 2-2: Ball 3-2: SOLO HOME RUN (Flyball, 8RXD, EV 106.2 MPH), Distance : 404 ft
|
Batting: RHB Roberto Ruiz
|
0-0: Ball 1-0: Foul Ball, location: 2F 1-1: Ball 2-1: Foul Ball, location: 2F 2-2: Reached on error, E5 (Groundball, 25, EV 87.5 MPH)
|
Batting: LHB Ken Compton
|
0-0: Ball 1-0: Called Strike 1-1: Ball 2-1: Ball 3-1: Ground out U3 (Groundball, 3L, EV 84.4 MPH)
|
Bottom of the 3rd over - 1 run, 2 hits, 1 error, 1 left on base; Milwaukee (NYP) 0 - State College 3 |
TOP OF THE 4TH |
Milwaukee (NYP) Brewers batting - Pitching for State College Spikes : RHP Roberto Ruiz
|
Batting: SHB Aaron Neill
|
0-0: Called Strike 0-1: Foul Ball, location: 2F 0-2: SINGLE (Line Drive, 56, EV 96.2 MPH)
|
Batting: SHB Craig Wright
|
0-0: Foul Ball, location: 2F 0-1: Called Strike 0-2: Fielders Choice at 2nd, 4-6 (Groundball, 4, EV 90.0 MPH)
|
Batting: RHB Jose Cerritos
|
0-0: Ball 1-0: Foul Ball, location: 2F 1-1: Fly out, F8 (Flyball, 8LM, EV 73.8 MPH)
|
Batting: RHB Victor Alarcon
|
0-0: Foul Ball, location: 2F 0-1: Ball 1-1: Ball 2-1: Ball 3-1: Called Strike 3-2: Base on Balls Craig Wright to second
|
Batting: LHB Sal Burgos
|
0-0: Ball 1-0: Swinging Strike 1-1: Ball 2-1: Ball 3-1: Called Strike 3-2: SINGLE (Groundball, 4MD, EV 96.2 MPH) Craig Wright to third Victor Alarcon to second Craig Wright scores Victor Alarcon to third
|
Batting: RHB Dusty Bates
|
0-0: Foul Ball, location: 2F 0-1: Ball 1-1: Ball 2-1: Swinging Strike 2-2: Ball 3-2: Foul Ball, location: 2F 3-2: Strikes out looking
|
Top of the 4th over - 1 run, 2 hits, 0 errors, 2 left on base; Milwaukee (NYP) 1 - State College 3 |
BOTTOM OF THE 4TH |
State College Spikes batting - Pitching for Milwaukee (NYP) Brewers : RHP Marquis Williams
|
Batting: RHB Ben Politi
|
0-0: Called Strike 0-1: Foul Ball, location: 2F 0-2: Ball 1-2: Ball 2-2: Ball 3-2: Strikes out looking
|
Pitching: LHP Tom Barone
|
|
Batting: RHB Nick Latulippe
|
0-0: Foul Ball, location: 2F 0-1: Ball 1-1: Ball 2-1: Ball 3-1: Base on Balls
|
Batting: RHB Tim Cleary
|
0-0: Called Strike 0-1: Ball 1-1: Called Strike 1-2: Ball Wild Pitch! Nick Latulippe to second 2-2: Ball 3-2: Ground out 5-3 (Groundball, 5L, EV 85.0 MPH)
|
Batting: RHB Bobby Miles
|
0-0: Ball 1-0: Foul Ball, location: 2F 1-1: Ball 2-1: Called Strike 2-2: Foul Ball, location: 2F 2-2: Foul Ball, location: 2F 2-2: Foul Ball, location: 2F 2-2: Ball 3-2: Foul Ball, location: 2F 3-2: Base on Balls
|
Batting: RHB Ricky Yerzy
|
0-0: Called Strike 0-1: Foul Ball, location: 2F 0-2: Ball 1-2: Ball 2-2: Ball 3-2: Ground out 6-3 (Groundball, 6, EV 99.4 MPH)
|
Bottom of the 4th over - 0 runs, 0 hits, 0 errors, 2 left on base; Milwaukee (NYP) 1 - State College 3 |
TOP OF THE 5TH |
Milwaukee (NYP) Brewers batting - Pitching for State College Spikes : RHP Roberto Ruiz
|
Batting: LHB Paul Collins
|
0-0: Called Strike 0-1: Swinging Strike 0-2: Ball 1-2: Strikes out looking
|
Batting: SHB Sam Bingham
|
0-0: Foul Ball, location: 2F 0-1: Swinging Strike 0-2: Ball 1-2: Strikes out swinging
|
Batting: SHB Jerry Duffy
|
0-0: Ball 1-0: Ball 2-0: Called Strike 2-1: Ball 3-1: Swinging Strike 3-2: Base on Balls
|
Batting: SHB Aaron Neill
|
0-0: Ball 1-0: Ball 2-0: Called Strike 2-1: Ball 3-1: Foul Ball, location: 2F 3-2: Fly out, F1 (Line Drive, P, EV 72.5 MPH)
|
Top of the 5th over - 0 runs, 0 hits, 0 errors, 1 left on base; Milwaukee (NYP) 1 - State College 3 |
BOTTOM OF THE 5TH |
State College Spikes batting - Pitching for Milwaukee (NYP) Brewers : LHP Tom Barone
|
Batting: LHB Ken Morehead
|
0-0: Ground out U3 (Groundball, 3, EV 87.5 MPH)
|
Batting: RHB Sam Daw
|
0-0: Ball 1-0: Ball 2-0: Ball 3-0: Called Strike 3-1: Swinging Strike 3-2: Strikes out looking
|
Batting: RHB Roberto Ruiz
|
0-0: Ball 1-0: Called Strike 1-1: Ball 2-1: Called Strike 2-2: Ground out 5-3 (Groundball, 56, EV 88.8 MPH)
|
Bottom of the 5th over - 0 runs, 0 hits, 0 errors, 0 left on base; Milwaukee (NYP) 1 - State College 3 |
TOP OF THE 6TH |
Milwaukee (NYP) Brewers batting - Pitching for State College Spikes : RHP Roberto Ruiz
|
Batting: SHB Craig Wright
|
0-0: Ball 1-0: Called Strike 1-1: SINGLE (Groundball, 34D, EV 94.4 MPH)
|
Batting: RHB Jose Cerritos
|
0-0: Ball 1-0: Ball 2-0: Called Strike 2-1: Swinging Strike 2-2: Foul Ball, location: 2F 2-2: Strikes out looking
|
Batting: RHB Victor Alarcon
|
0-0: Called Strike 0-1: Ball 1-1: Called Strike 1-2: Fielders Choice at 2nd, 2-4 (Groundball, 2L, EV 75.0 MPH)
|
Pitching: RHP Alex Apolinar
|
|
Batting: LHB Sal Burgos
|
0-0: Ball Wild Pitch! Victor Alarcon to second 1-0: Called Strike 1-1: Ball 2-1: Called Strike 2-2: Fly out, F9 (Flyball, 89S, EV 77.5 MPH)
|
Top of the 6th over - 0 runs, 1 hit, 0 errors, 1 left on base; Milwaukee (NYP) 1 - State College 3 |
BOTTOM OF THE 6TH |
State College Spikes batting - Pitching for Milwaukee (NYP) Brewers : LHP Tom Barone
|
Batting: LHB Ken Compton
|
0-0: SINGLE (Popup, 6D, EV 45.0 MPH)
|
Batting: RHB Ben Politi
|
0-0: Fly out, F9 (Line Drive, 9S, EV 87.5 MPH)
|
Batting: RHB Nick Latulippe
|
0-0: Ball 1-0: Ball Ken Compton steals 2nd base 2-0: Called Strike 2-1: Foul Ball, location: 2F 2-2: Strikes out swinging
|
Batting: RHB Tim Cleary
|
0-0: Fly out, F7 (Line Drive, 7LM, EV 98.1 MPH)
|
Bottom of the 6th over - 0 runs, 1 hit, 0 errors, 1 left on base; Milwaukee (NYP) 1 - State College 3 |
TOP OF THE 7TH |
Milwaukee (NYP) Brewers batting - Pitching for State College Spikes : RHP Alex Apolinar
|
Batting: RHB Dusty Bates
|
0-0: Called Strike 0-1: Ball 1-1: Ball 2-1: Fly out, F3 (Popup, 3SF, EV 66.9 MPH)
|
Batting: LHB Paul Collins
|
0-0: Ball 1-0: Called Strike 1-1: Swinging Strike 1-2: Ball 2-2: Strikes out swinging
|
Batting: SHB Sam Bingham
|
0-0: Swinging Strike 0-1: Ball 1-1: Ball 2-1: Foul Ball, location: 2F 2-2: Foul Ball, location: 2F 2-2: Ball 3-2: Fly out, F3 (Line Drive, 3, EV 66.2 MPH)
|
Top of the 7th over - 0 runs, 0 hits, 0 errors, 0 left on base; Milwaukee (NYP) 1 - State College 3 |
BOTTOM OF THE 7TH |
State College Spikes batting - Pitching for Milwaukee (NYP) Brewers : LHP Tom Barone
|
Batting: RHB Bobby Miles
|
0-0: Ball 1-0: Foul Ball, location: 2F 1-1: SINGLE (Line Drive, 56D, EV 105.6 MPH)
|
Batting: RHB Ricky Yerzy
|
0-0: Bunted foul 0-1: Sac Bunt to 5S - play at first, batter OUT! 5-3 Bobby Miles to second
|
Batting: LHB Ken Morehead
|
0-0: Called Strike 0-1: Foul Ball, location: 2F 0-2: Ball 1-2: Strikes out swinging
|
Pitching: RHP Jeff Alanis
|
|
Batting: RHB Sam Daw
|
0-0: Called Strike 0-1: Ball 1-1: Swinging Strike 1-2: Ball 2-2: Ball 3-2: Base on Balls
|
Batting: RHB Roberto Ruiz
|
0-0: SINGLE (Line Drive, 4M, EV 98.8 MPH) Bobby Miles to third Sam Daw to second Runner from 3rd tries for Home, SAFE, throw by CF to home
|
Batting: LHB Ken Compton
|
0-0: Called Strike 0-1: Swinging Strike 0-2: Ball 1-2: SINGLE (Groundball, 6M, EV 102.5 MPH) (infield hit) Sam Daw to third Roberto Ruiz to second
|
Batting: RHB Ben Politi
|
0-0: Swinging Strike 0-1: Called Strike 0-2: Ball Wild Pitch! Sam Daw scores Roberto Ruiz to third Ken Compton to second 1-2: Strikes out swinging
|
Bottom of the 7th over - 2 runs, 3 hits, 0 errors, 2 left on base; Milwaukee (NYP) 1 - State College 5 |
TOP OF THE 8TH |
Milwaukee (NYP) Brewers batting - Pitching for State College Spikes : RHP Alex Apolinar
|
Batting: SHB Jerry Duffy
|
0-0: Ball 1-0: Ball 2-0: Ground out 4-3 (Groundball, 4, EV 89.4 MPH)
|
Batting: SHB Aaron Neill
|
0-0: Called Strike 0-1: Ball 1-1: Ball 2-1: Ball 3-1: Foul Ball, location: 2F 3-2: TRIPLE (Line Drive, 89XD, EV 110.0 MPH)
|
Batting: SHB Craig Wright
|
0-0: Fly out, F9 (Flyball, 9, EV 83.8 MPH)
|
Batting: RHB Jose Cerritos
|
0-0: Ball 1-0: SINGLE (Flyball, 6D, EV 85.6 MPH) Aaron Neill scores
|
Batting: RHB Victor Alarcon
|
0-0: Called Strike 0-1: Ball 1-1: Foul Ball, location: 2F 1-2: Ball Wild Pitch! Jose Cerritos to second 2-2: Ball 3-2: Ground out U3 (Groundball, 34, EV 104.4 MPH)
|
Top of the 8th over - 1 run, 2 hits, 0 errors, 1 left on base; Milwaukee (NYP) 2 - State College 5 |
BOTTOM OF THE 8TH |
State College Spikes batting - Pitching for Milwaukee (NYP) Brewers : RHP Jeff Alanis
|
Batting: RHB Nick Latulippe
|
0-0: Called Strike 0-1: Ball 1-1: Ball 2-1: Swinging Strike 2-2: Foul Ball, location: 2F 2-2: Ball 3-2: Base on Balls
|
Batting: RHB Tim Cleary
|
0-0: Ball Nick Latulippe steals 2nd base 1-0: SINGLE (Groundball, P, EV 83.8 MPH) (infield hit) Nick Latulippe to third
|
Batting: RHB Bobby Miles
|
0-0: Called Strike Tim Cleary steals 2nd base 0-1: Ball 1-1: SINGLE (Groundball, 5L, EV 95.6 MPH) Nick Latulippe scores Tim Cleary to third Runner from 3rd tries for Home, SAFE, throw by LF to home Bobby Miles to second
|
Batting: RHB Ricky Yerzy
|
0-0: Called Strike 0-1: Foul Ball, location: 2F 0-2: SINGLE (Groundball, 13S, EV 63.8 MPH) (infield hit) Bobby Miles to third
|
Batting: LHB Ken Morehead
|
0-0: Ball Ricky Yerzy steals 2nd base 1-0: Ball 2-0: Foul Ball, location: 2F 2-1: SINGLE (Popup, 4D, EV 67.5 MPH) Bobby Miles scores Ricky Yerzy to third
|
Pitching: LHP David Arnold
|
|
Batting: RHB Sam Daw
|
0-0: Called Strike 0-1: Swinging Strike 0-2: Strikes out swinging
|
Batting: RHB Roberto Ruiz
|
0-0: Ball 1-0: Foul Ball, location: 2F 1-1: Ball 2-1: SINGLE (Groundball, 56, EV 103.1 MPH) Ricky Yerzy scores Ken Morehead to second
|
Batting: LHB Ken Compton
|
0-0: Called Strike 0-1: Ball 1-1: Foul Ball, location: 2F 1-2: Reached on error, E6 (Groundball, 6, EV 86.2 MPH) Ken Morehead to third Roberto Ruiz to second
|
Batting: RHB Ben Politi
|
0-0: Called Strike 0-1: Ball 1-1: Ball Wild Pitch! Ken Morehead scores Roberto Ruiz to third Ken Compton to second 2-1: Swinging Strike 2-2: Foul Ball, location: 2F 2-2: Strikes out swinging
|
Pinch Hitting: RHB Mario Carbajal
|
0-0: Called Strike 0-1: Ball 1-1: Ball 2-1: Swinging Strike 2-2: Ball 3-2: Strikes out swinging
|
Bottom of the 8th over - 5 runs, 5 hits, 1 error, 2 left on base; Milwaukee (NYP) 2 - State College 10 |
TOP OF THE 9TH |
Milwaukee (NYP) Brewers batting - Pitching for State College Spikes : RHP Alex Apolinar
|
Now at 3B: Mario Carbajal
|
|
Pinch Hitting: LHB Steven Donovan
|
0-0: Called Strike 0-1: Foul Ball, location: 2F 0-2: Strikes out swinging
|
Batting: RHB Dusty Bates
|
0-0: Called Strike 0-1: Ball 1-1: Foul Ball, location: 2F 1-2: Ground out 6-3 (Groundball, 6, EV 109.4 MPH)
|
Batting: LHB Paul Collins
|
0-0: Ball 1-0: Called Strike 1-1: Foul Ball, location: 2F 1-2: Strikes out swinging
|
Top of the 9th over - 0 runs, 0 hits, 0 errors, 0 left on base; Milwaukee (NYP) 2 - State College 10 |
|